 Dungeon Crawl Stone Soup version 0.29-a0-617-g7a6b98fccd (webtiles) character file.

Game seed: 7447232629915586127

2256 spaghetti the Cudgeller (level 9, -9/57 HPs)
             Began as a Barachi Necromancer on June 17, 2022.
             Was a Priest of Kikubaaqudgha.
             Mangled by an orc warrior
             ... wielding a +0 hand axe
              (11 damage)
             ... on level 7 of the Dungeon.
             The game lasted 00:12:01 (8069 turns).

spaghetti the Cudgeller (Barachi Necromancer)       Turns: 8069, Time: 00:12:02

Health: -9/57      AC:  6    Str:  9    XL:     9   Next: 37%
Magic:  3/14       EV: 14    Int: 27    God:    Kikubaaqudgha [***...]
Gold:   330        SH:  3    Dex: 15    Spells: 3/15 levels left

rFire   + . .      SeeInvis .   z - +9 mace of Burnt Tender Mercy {drain, *Rage rF+ Will+++, mace}
rCold   . . .      Faith    .   x - +0 buckler
rNeg    + . .      Spirit   .   a - +1 robe
rPois   .          Reflect  .   F - +2 hat
rElec   .          Harm     .   G - +0 cloak of Fortitude {Dex+3}
rCorr   .          Rampage  .   (no gloves)
Will    +++..      Rage     20% (no boots)
Stlth   ++........              (no amulet)
HPRegen 0.19/turn               b - ring "Puuxt" {rN+ Int+6}
MPRegen 0.14/turn               (no ring)

@: slow
A: amphibious, slowness 1, strong legs 1, +LOS
a: Hop, Renounce Religion, Unearth Wretches


You were on level 7 of the Dungeon.
You worshipped Kikubaaqudgha.
Kikubaaqudgha was most pleased with you.
You visited 1 branch of the dungeon, and saw 7 of its levels.

You collected 330 gold pieces.


Innate Abilities, Weirdness & Mutations

You are amphibious.
You cover ground slowly.
You can hop short distances.
You have an extended range of vision and can be seen from far away.


   Skills:
 * Level 7.1 Maces & Flails
 + Level 6.5 Armour
 + Level 6.4 Dodging
 - Level 1.7 Stealth
 + Level 3.9 Spellcasting
 + Level 6.3 Necromancy


You had 3 spell levels left.
You knew the following spells:

 Your Spells              Type           Power      Damage    Failure   Level
a - Necrotize             Necr           100%       1d9       1%          1
b - Vampiric Draining     Necr           39%        2d8       2%          3
c - Blink                 Tloc           10%        N/A       17%         2
d - Death Channel         Necr           19%        N/A       77%         6

Your spell library contained the following spells:

 Spells                   Type           Power      Damage    Failure   Level
 Call Canine Familiar     Summ           5%         N/A       32%         3
 Portal Projectile        Hex/Tloc       10%        N/A       32%         3
 Animate Dead             Necr           39%        N/A       9%          4
 Dispel Undead            Necr           39%        3d16      9%          4
 Agony                    Necr           39%        N/A       22%         5
 Anguish                  Hex/Necr       11%        N/A       30%         4
 Corpse Rot               Necr/Pois/Air  16%        N/A       41%         4
 Borgnjor's Vile Clutch   Necr/Erth      11%        N/A       63%         5
 Leda's Liquefaction      Hex/Erth       2%         N/A       73%         4
 Manifold Assault         Tloc           5%         N/A       97%         5
 Storm Form               Tmut/Air       2%         N/A       100%        7

Inventory:

Hand Weapons
 d - a +0 whip {mace}
   (You found it on level 1 of the Dungeon)
 g - a +0 short sword {short}
   (You took it off a kobold on level 1 of the Dungeon)
 j - a +0 mace {mace}
   (You found it on level 1 of the Dungeon)
 k - a +0 dagger of electrocution {short}
   (You took it off a goblin on level 1 of the Dungeon)
 v - the +7 short sword of Foul Odours {flame, *Noise rN+ Int+3, short}
   (You found it on level 3 of the Dungeon)

   It burns those it strikes, dealing additional fire damage.
   Int:       It affects your intelligence (+3).
   rN:        It protects you from negative energy.
   *Noise:    It may make noises in combat.
 z - the +9 mace of Burnt Tender Mercy (weapon) {drain, *Rage rF+ Will+++, mace}
   (You found it on level 4 of the Dungeon)

   A truly terrible weapon, it drains the life of any living foe it strikes.
   rF:        It protects you from fire.
   *Rage:     It berserks you when you make melee attacks (+20% chance).
   Will:      It greatly increases your willpower.
Missiles
 e - 144 stones (quivered) {throwing}
 m - 14 poisoned darts {throwing}
 w - 5 boomerangs {throwing}
Armour
 a - a +1 robe (worn)
 x - a +0 buckler (worn)
   (You found it on level 7 of the Dungeon)
 y - a +0 helmet
   (You found it on level 3 of the Dungeon)
 F - a +2 hat (worn)
   (You found it on level 5 of the Dungeon)
 G - the +0 cloak of Fortitude (worn) {Dex+3}
   (You found it on level 5 of the Dungeon)

   Dex:       It affects your dexterity (+3).
Magical Staves
 J - a staff of conjuration {!a@e2staff}
   (You found it on level 6 of the Dungeon)
Jewellery
 b - the ring "Puuxt" (left hand) {rN+ Int+6}
   (You acquired it on level 4 of the Dungeon)

   [ring of positive energy]

   Int:       It affects your intelligence (+6).
   rN:        It protects you from negative energy.
Wands
 D - a wand of iceblast (13)
   (You found it on level 5 of the Dungeon)
 I - a wand of polymorph (10)
   (You took it off Edmund on level 6 of the Dungeon)
Scrolls
 c - 2 scrolls of immolation {!r!r}
 i - a scroll of enchant armour
 l - 2 scrolls of enchant weapon
 n - 2 scrolls of blinking {!r}
 o - 2 scrolls of teleportation {@r4}
 r - a scroll of vulnerability {!r!r}
 s - a scroll of fear
 C - 2 scrolls of poison {!r}
 L - a scroll of fog
Potions
 f - 3 potions of heal wounds {@q2}
 h - a potion of magic
 p - a potion of curing {@q1}
 q - a potion of mutation {unknown}
 t - a potion of cancellation
 u - a potion of might {unknown}
 A - 3 potions of invisibility {unknown}
 B - a potion of lignification {unknown}
 E - 2 potions of berserk rage {unknown}
 H - 2 potions of attraction {!q}
 K - 3 potions of flight {unknown}
 M - 2 potions of brilliance {unknown}

Dungeon Overview and Level Annotations

Branches:
Dungeon (7/15) Zot: 26131  Temple (0/1) D:6

Altars:
Cheibriados
Kikubaaqudgha

Shops:
D:3 : D:4

[ #.. #. .....#
###..... #....
#.#.....# .'.....
#.....#.#.....##
#.....
.....#.#......#
#..... ...#.#......#
#..... ..#.#......#
#).... #..+......+
#..... #.o#......##
#..... #.o@........
#....#
#.).###...##########
#...###...# #...#...
#.>...+...+ +.......
#.....#...# #.......
#.........# #.......
#........## #.......
#........# #....#..
#........# #....#.#


You could see an orc warrior and an orc.


Message History

The ice beast hits you but does no damage. 😮 HP[-3] MP[-1]
You take 3 damage, and now have 41/57 hp.
You lost 1 mp, and now have 11/14 mp.
Casting: Necrotize (safe; 1% risk of failure)
Confirm with . or Enter, or press ? or * to list all spells.
Aiming: Necrotize (safe; 1% risk of failure)
Press: ? - help, Shift-Dir - straight line, f/p - ice beast
Aim: an ice beast (lightly wounded, chance to affect: 83%)
The ice beast writhes in agony!
The ice beast misses you. 😮 MP[-1]
You lost 1 mp, and now have 10/14 mp.
Casting: Necrotize (safe; 1% risk of failure)
Confirm with . or Enter, or press ? or * to list all spells.
Aiming: Necrotize (safe; 1% risk of failure)
Press: ? - help, Shift-Dir - straight line, f/p - ice beast
Aim: an ice beast (heavily wounded, chance to affect: 83%)
The ice beast writhes in agony!
The orc warrior misses you.
The ice beast closely misses you. 😮 MP[-1]
You lost 1 mp, and now have 9/14 mp.
Casting: Necrotize (safe; 1% risk of failure)
Confirm with . or Enter, or press ? or * to list all spells.
Aiming: Necrotize (safe; 1% risk of failure)
Press: ? - help, Shift-Dir - straight line, f/p - ice beast
Aim: an ice beast (severely wounded, chance to affect: 83%)
The ice beast writhes in agony.
The orc hits you but does no damage.
The orc warrior hits you with a +0 hand axe!
You block the ice beast's attack. 😮 HP[-7] MP[-1]
You take 7 damage, and now have 34/57 hp.
You lost 1 mp, and now have 8/14 mp.
Casting: Necrotize (safe; 1% risk of failure)
Confirm with . or Enter, or press ? or * to list all spells.
Aiming: Necrotize (safe; 1% risk of failure)
Press: ? - help, Shift-Dir - straight line, f/p - ice beast
Aim: an ice beast (almost dead, chance to affect: 83%)
The ice beast writhes in agony!
You kill the ice beast!
Kikubaaqudgha accepts your kill. The orc misses you.
The orc warrior hits you with a +0 hand axe. 😮 HP[-3] MP[-1]
You take 3 damage, and now have 31/57 hp.
You lost 1 mp, and now have 7/14 mp.
Casting: Necrotize (safe; 1% risk of failure)
Confirm with . or Enter, or press ? or * to list all spells.
Aiming: Necrotize (safe; 1% risk of failure)
Press: ? - help, Shift-Dir - straight line, f - orc warrior
Aim: an orc warrior, wielding a +0 hand axe and wearing a +0 chain mail (chance to affect: 83%)
The orc warrior writhes in agony!
The orc hits you with a +0 hand axe.
The orc warrior hits you with a +0 hand axe!
* * * LOW HITPOINT WARNING * * *
😨 HP[-11]
You take 11 damage, and now have 20/57 hp.
Casting: Necrotize (safe; 1% risk of failure)
Confirm with . or Enter, or press ? or * to list all spells.
Aiming: Necrotize (safe; 1% risk of failure)
Press: ? - help, Shift-Dir - straight line, f/p - orc warrior
Aim: an orc warrior, wielding a +0 hand axe and wearing a +0 chain mail (moderately wounded, chance to affect: 83%)
The orc warrior barely resists.
The orc completely misses you.
The orc warrior hits you with a +0 hand axe.
* * * LOW HITPOINT WARNING * * *
😨 HP[-4] MP[-1]
You take 4 damage, and now have 16/57 hp.
You lost 1 mp, and now have 6/14 mp.
Casting: Necrotize (safe; 1% risk of failure)
Confirm with . or Enter, or press ? or * to list all spells.
Aiming: Necrotize (safe; 1% risk of failure)
Press: ? - help, Shift-Dir - straight line, f/p - orc warrior
Aim: an orc warrior, wielding a +0 hand axe and wearing a +0 chain mail (moderately wounded, chance to affect: 83%)
The orc warrior writhes in agony.
You recover from your berserk rage.
The orc hits you with a +0 hand axe.
* * * LOW HITPOINT WARNING * * *
The orc warrior hits you with a +0 hand axe!
* * * LOW HITPOINT WARNING * * *
😱 HP[-9] MP[-1]
You take 9 damage, and now have 7/57 hp.
You lost 1 mp, and now have 5/14 mp.
Casting: Necrotize (safe; 1% risk of failure)
Confirm with . or Enter, or press ? or * to list all spells.
Aiming: Necrotize (safe; 1% risk of failure)
Press: ? - help, Shift-Dir - straight line, f/p - orc warrior
Aim: an orc warrior, wielding a +0 hand axe and wearing a +0 chain mail (moderately wounded, chance to affect: 83%)
The orc warrior writhes in agony.
You block the orc's attack.
The orc warrior hits you with a +0 hand axe.
* * * LOW HITPOINT WARNING * * *
😱 HP[-5] MP[-1]
You take 5 damage, and now have 2/57 hp.
You lost 1 mp, and now have 4/14 mp.
Casting: Necrotize (safe; 1% risk of failure)
Confirm with . or Enter, or press ? or * to list all spells.
Aiming: Necrotize (safe; 1% risk of failure)
Press: ? - help, Shift-Dir - straight line, f/p - orc warrior
Aim: an orc warrior, wielding a +0 hand axe and wearing a +0 chain mail (moderately wounded, chance to affect: 83%)
The orc warrior writhes in agony!
The orc hits you but does no damage.
The orc warrior hits you with a +0 hand axe!
You die...
Kikubaaqudgha rasps: "You have failed me!
Welcome... death!"

Skill      XL: |  1  2  3  4  5  6  7  8  9 |
---------------+----------------------------+-----
Armour         | 1 2 3 4 5 6 |  6.5
Necromancy     | 4 5 6 |  6.3
Dodging        | 3 4 5 6 |  6.4
Maces & Flails | 1 2 4 6 7 |  7.1
Spellcasting   | 3 |  3.9
Stealth        | |  1.7

Action                   |  1- 3 |  4- 6 |  7- 9 || total
-------------------------+-------+-------+-------++-------
Melee: Unarmed           |    10 |       |       ||    10
       Dagger            |     8 |     1 |       ||     9
       Short sword       |       |    12 |       ||    12
       Mace              |       |    30 |   137 ||   167
       Punch             |       |     1 |     3 ||     4
Throw: Stone             |       |    36 |    51 ||    87
 Cast: Necrotize         |    72 |    54 |    20 ||   146
       Vampiric Draining |       |     2 |     9 ||    11
Invok: Unearth Wretches  |       |       |     1 ||     1
Evoke: Wand              |       |       |     1 ||     1
  Use: Potion            |     5 |       |     1 ||     6
       Scroll            |       |     9 |     6 ||    15
Armor: Robe              |    10 |     9 |    38 ||    57
Dodge: Dodged            |    38 |    55 |   115 ||   208
Block: Buckler           |       |       |    10 ||    10

Levels and vault maps discovered:
D:1:      scummos_arrival_checkerplants, layout_basic,
          nicolae_ecumenical_snake_handling
D:2:      layout_basic, minmay_misc_feat_hallway, uniq_natasha
D:3:      layout_loops_cross, serial_shops, shop, minmay_misc_feat_encased,
          chequers_avenue
D:4:      layout_basic, kennysheep_cross_room, minivault_4, nrook_campfire,
          nicolae_shop_dragon_depot
D:5:      layout_loops_ring, uniq_duvessa, uniq_sigmund, uniq_blork_the_orc
D:6:      layout_layer_cave, mainiacjoe_overflow_tiny_flanked,
          kennysheep_slug_shrine, temple_statues, supply_closet_lemuel,
          uniq_edmund
D:7:      layout_basic, hangedman_abyss_or_decor_lesser_grid, uniq_menkaure,
          uniq_joseph

Notes
Turn   | Place    | Note
-------+----------+-------------------------------------------
     0 | D:1      | spaghetti the Barachi Necromancer began the quest for the
                  | Orb.
     0 | D:1      | Reached XP level 1. HP: 13/13 MP: 3/3
     0 | D:1      | magus.rc [v1.9.6]
    10 | D:1      | Found a faded altar of an unknown god.
    26 | D:1      | HP: 3/13 [constriction (1)]
    27 | D:1      | HP: 1/13 [constriction (1)]
   326 | D:1      | Prayed at the altar of an unknown god.
   326 | D:1      | Became a worshipper of Kikubaaqudgha
   326 | D:1      | Reached * piety under Kikubaaqudgha
   326 | D:1      | Received a gift from Kikubaaqudgha
   334 | D:1      | Reached XP level 2. HP: 19/19 MP: 3/5
   378 | D:1      | Reached skill level 1 in Armour
   948 | D:1      | Reached XP level 3. HP: 24/24 MP: 3/6
  1081 | D:1      | Reached skill level 4 in Necromancy
  1341 | D:1      | Reached ** piety under Kikubaaqudgha
  1615 | D:2      | Reached skill level 3 in Dodging
  1633 | D:2      | Reached skill level 2 in Armour
  1876 | D:2      | Noticed Natasha
  1881 | D:2      | HP: 5/24 [Natasha (3)]
  1887 | D:2      | HP: 6/24 [Natasha (7)]
  1888 | D:2      | Killed Natasha
  1889 | D:2      | Reached XP level 4. HP: 4/30 MP: 2/7
  2403 | D:2      | Noticed Natasha
  2413 | D:2      | Killed Natasha
  2541 | D:3      | Identified the +7 short sword of Foul Odours {flame, *Noise
                  | rN+ Int+3}
  2640 | D:3      | You add the spells Blink, Manifold Assault and Storm Form
                  | to your library.
  2646 | D:3      | Found Jixiaffu's Book Shoppe.
  3164 | D:4      | HP: 1/30 [orc priest/divine providence (16)]
  3555 | D:4      | Reached XP level 5. HP: 35/35 MP: 5/8
  3562 | D:4      | Reached skill level 3 in Armour
  3565 | D:4      | magus.rc [v1.9.6]
  3698 | D:4      | Identified the +9 mace of Burnt Tender Mercy {drain, *Rage
                  | rF+ Will+++}
  3852 | D:4      | Reached skill level 4 in Dodging
  3910 | D:4      | Reached skill level 1 in Maces & Flails
  3911 | D:4      | Reached XP level 6. HP: 41/41 MP: 1/9
  4105 | D:4      | Learned a level 3 spell: Vampiric Draining
  4108 | D:4      | Learned a level 2 spell: Blink
  4686 | D:4      | Identified a scroll of acquirement
  4687 | D:4      | Acquired the ring "Puuxt" {rN+ Int+6}
  4733 | D:4      | Found Tarhunz's Dragon-Slaying Spoils.
  4904 | D:5      | Entered Level 5 of the Dungeon
  4904 | D:5      | Noticed Blork the orc
  4905 | D:5      | Noticed Sigmund
  4913 | D:4      | Reached skill level 2 in Maces & Flails
  4934 | D:4      | Killed Blork the orc
  4935 | D:4      | Reached skill level 4 in Armour
  5048 | D:4      | Reached XP level 7. HP: 25/46 MP: 4/10
  5049 | D:4      | Reached skill level 3 in Maces & Flails
  5049 | D:4      | Reached skill level 5 in Necromancy
  5244 | D:5      | Killed Sigmund
  5331 | D:5      | Reached skill level 4 in Maces & Flails
  5390 | D:5      | Reached skill level 5 in Dodging
  5613 | D:5      | Noticed Duvessa
  5613 | D:5      | Noticed Dowan
  5625 | D:5      | Killed Duvessa
  5626 | D:5      | Reached skill level 5 in Armour
  5626 | D:5      | Reached XP level 8. HP: 41/52 MP: 11/11
  5628 | D:5      | Reached *** piety under Kikubaaqudgha
  5628 | D:5      | You add the spells Corpse Rot, Dispel Undead, Borgnjor's
                  | Vile Clutch and Death Channel to your library.
  5628 | D:5      | Received a gift from Kikubaaqudgha
  5631 | D:5      | Killed Dowan
  6054 | D:5      | You pick up a book of the Hunter and begin reading...
  6054 | D:5      | You add the spells Call Canine Familiar, Portal Projectile
                  | and Leda's Liquefaction to your library.
  6211 | D:5      | Reached skill level 5 in Maces & Flails
  6553 | D:5      | Identified the +0 cloak of Fortitude {Dex+3}
  6682 | D:6      | Noticed Edmund
  6693 | D:6      | Killed Edmund
  6706 | D:6      | Reached skill level 3 in Spellcasting
  6812 | D:6      | Reached skill level 6 in Maces & Flails
  6918 | D:6      | Found an ancient bone altar of Kikubaaqudgha.
  7106 | D:6      | Found a snail-covered altar of Cheibriados.
  7117 | D:6      | Found a staircase to the Ecumenical Temple.
  7410 | D:7      | Reached skill level 6 in Armour
  7410 | D:7      | Reached skill level 6 in Dodging
  7410 | D:7      | Reached skill level 6 in Necromancy
  7476 | D:7      | Noticed Menkaure
  7483 | D:7      | Killed Menkaure
  7484 | D:7      | Reached XP level 9. HP: 33/57 MP: 12/14
  7655 | D:7      | Learned a level 6 spell: Death Channel
  7677 | D:7      | HP: 5/57 [orc priest/divine providence (11)]
  7679 | D:7      | HP: 2/57 [orc/+0 falchion (6)]
  8056 | D:7      | Reached skill level 7 in Maces & Flails
  8067 | D:7      | HP: 7/57 [orc warrior/+0 hand axe (8)]
  8068 | D:7      | HP: 2/57 [orc warrior/+0 hand axe (5)]
  8069 | D:7      | Mangled by an orc warrior

Vanquished Creatures
  Sigmund (D:5)
  Menkaure (D:7)
  Edmund (D:6)
  2 ice beasts
  A sky beast (D:7)
  Duvessa (D:5)
  An ogre (D:5)
  A centaur (D:7)
  A phantom (D:7)
  A kobold brigand (D:7)
  Blork the orc (D:4)
  A necrophage (D:5)
  2 bullfrogs
  2 scorpions
  Dowan (D:5)
  2 howler monkeys
  2 jellies
  5 hounds
  5 orc priests
  An iguana (D:4)
  Natasha (twice) (D:2)
  6 orc wizards
  5 adders
  A shadow imp (D:7)
  An ufetubus (D:6)
  3 dart slugs
  22 orcs
  6 ball pythons
  8 endoplasms
  3 giant cockroaches
  6 hobgoblins
  5 jackals
  10 kobolds
  4 bats
  4 frilled lizards (D:1)
  8 goblins
  8 rats
135 creatures vanquished.

Vanquished Creatures (collateral kills)
  A bat (D:1)
  A rat (D:1)
2 creatures vanquished.

Vanquished Creatures (others)
  An endoplasm (D:7)
1 creature vanquished.

Grand Total: 138 creatures vanquished

Table legend:
 A = Non-vault XP
 B = Vault XP
 C = Vault XP percentage of total XP
 D = Non-vault monster count
 E = Vault monster count
 F = Vault count percentage of total count
                 A         B        C        D         E       F
            +---------+---------+-------+---------+---------+-------
      Total |    2347 |     876 |  27.2 |     124 |      11 |   8.1
            +---------+---------+-------+---------+---------+-------
        D:1 |      40 |       6 |  13.0 |      28 |       3 |   9.7
        D:2 |      69 |      36 |  34.3 |      12 |       1 |   7.7
        D:3 |      10 |       0 |   0.0 |       6 |       0 |   0.0
        D:4 |     409 |      94 |  18.7 |      27 |       1 |   3.6
        D:5 |     508 |     422 |  45.4 |      22 |       3 |  12.0
        D:6 |     435 |     153 |  26.0 |       8 |       2 |  20.0
        D:7 |     876 |     165 |  15.9 |      21 |       1 |   4.5
            +---------+---------+-------+---------+---------+-------

Illustrated notes

Table legend:
 A = Kills in this place as a percentage of kills in entire the game.
 B = Kills by you in this place as a percentage of kills by you in the entire game.
 C = Kills by friends in this place as a percentage of kills by friends in the entire game.
 D = Other kills in this place as a percentage of other kills in the entire game.
 E = Experience gained in this place as a percentage of experience gained in the entire game.
 F = Experience gained in this place divided by the number of levels of this place that you have seen.
                   A       B       C       D       E      F
               +-------+-------+-------+-------+-------+----------------------
         Total | 100.0 | 100.0 | 100.0 |   N/A | 100.0 | 460.4
       Dungeon | 100.0 | 100.0 | 100.0 |   N/A | 100.0 | 460.4
               +-------+-------+-------+-------+-------+----------------------

Table legend: (Time is in decaauts)
 A = Elapsed time spent in this place.
 B = Non-inter-level travel time spent in this place.
 C = Inter-level travel time spent in this place.
 D = Time resting spent in this place.
 E = Time spent auto-exploring this place.
 F = Levels seen in this place.
 G = Mean time per level.
                   A        B        C        D        E       F      G
               +--------+--------+--------+--------+--------+-----+--------+
         Total |   9095 |   8825 |    270 |   1433 |   6344 |   7 | 1299.3 |
       Dungeon |   9095 |   8825 |    270 |   1433 |   6344 |   7 | 1299.3 |
               +--------+--------+--------+--------+--------+-----+--------+

Top non-repeatable levels by time:
     D:4: 1965 daAuts
     D:1: 1707 daAuts
     D:5: 1657 daAuts
     D:3: 1135 daAuts
     D:2: 1003 daAuts
     D:7: 867 daAuts
     D:6: 758 daAuts
